 Dungeon Crawl Stone Soup version 0.22-a0-44-geb883ae (webtiles) character file.

167093 gmonis the Warrior (level 17, 0/184 HPs)
             Began as a Minotaur Berserker on Jan 6, 2018.
             Was the Champion of Trog.
             Slain by an earth elemental (18 damage)
             ... on level 1 of the Elven Halls on Jan 7, 2018.
             The game lasted 02:53:38 (36233 turns).

gmonis the Warrior (Minotaur Berserker)            Turns: 36233, Time: 02:53:39

Health: 0/184      AC: 25    Str: 34    XL:     17   Next: 6%
Magic:  16/16      EV: 11    Int:  5    God:    Trog [******]
Gold:   2533       SH:  0    Dex: 10    Spells: 16/16 levels left

rFire    . . .     SeeInvis .   Y - +6 dire flail "Zuip" {crush, *Rage rElec Str+6}
rCold    . . .     Gourm    .   (shield currently unavailable)
rNeg     . . .     Faith    .   F - +0 plate armour
rPois    .         Spirit   .   (helmet restricted)
rElec    +         Reflect  .   (no cloak)
rCorr    .         Harm     .   (no gloves)
MR       ++++.     Rnd*Rage +   Z - +1 pair of boots
Stlth    ..........             K - amulet of Vitality {Regen+ HP+15}
HPRegen  1.80/turn              J - +4 ring of protection
MPRegen  0.15/turn              m - ring of protection from magic

@: lethally poisoned (0 -> 0), engulfed (cannot breathe), berserk cooldown,
regenerating, slowed, very slow
A: retaliatory headbutt, horns 2
}: 1/15 runes: decaying
a: Berserk, Trog's Hand, Brothers in Arms, Burn Spellbooks, Renounce Religion


You were on level 1 of the Elven Halls.
You worshipped Trog.
Trog was exalted by your worship.
You were very hungry.

You visited 5 branches of the dungeon, and saw 28 of its levels.
You also visited: Labyrinth and Sewer.

You collected 3063 gold pieces.
You spent 530 gold pieces at shops.

Inventory:

Hand Weapons
 V - a +7 antimagic great mace
 Y - the +6 dire flail "Zuip" (weapon) {crush, *Rage rElec Str+6}
   (Trog gifted it to you on level 2 of the Lair of Beasts)

   It inflicts extra damage upon your enemies.
   It affects your strength (+6).
   It insulates you from electricity.
   It may make you go berserk in combat.
Missiles
 R - 201 stones (quivered)
Armour
 e - +0 steam dragon scales
 k - +0 ice dragon scales
 F - a +0 plate armour (worn)
 X - +0 acid dragon scales
 Z - a +1 pair of boots (worn)
Jewellery
 d - an uncursed ring of see invisible
 g - an uncursed ring of poison resistance
 m - a ring of protection from magic (right hand)
 G - an uncursed ring of protection from fire
 J - a +4 ring of protection (left hand)
 K - the amulet of Vitality (around neck) {Regen+ HP+15}
   (You found it on level 13 of the Dungeon)

   [amulet of regeneration]

   It affects your health (+15).
   It increases your rate of regeneration.
 M - an uncursed amulet of regeneration
 O - an uncursed ring of ice
 U - an uncursed ring of positive energy
Wands
 n - a wand of scattershot (14)
 p - a wand of paralysis (25)
 r - a wand of random effects (99)
 u - a wand of flame (48)
 v - a wand of polymorph (30)
 L - a wand of acid (9)
 P - a wand of disintegration (37)
 Q - a wand of digging (35)
 S - a wand of iceblast (30)
 W - a wand of clouds (6)
Scrolls
 b - a scroll of silence
 f - 3 scrolls of enchant armour
 q - a scroll of fog
 t - 10 scrolls of fear
 x - 9 scrolls of teleportation
 A - a scroll of blinking
 E - 10 scrolls of remove curse
 N - 5 scrolls of enchant weapon
 T - 9 scrolls of magic mapping
Potions
 h - 7 potions of heal wounds
 i - a potion of cancellation
 j - 2 potions of brilliance
 l - 2 potions of ambrosia
 o - 11 potions of curing
 z - 2 potions of resistance
 B - 6 potions of agility
 D - 3 potions of might
 H - 6 potions of haste
 I - 5 potions of flight
Miscellaneous
 a - a phantom mirror
 s - a fan of gales
 y - a lamp of fire
Comestibles
 c - 33 rations


   Skills:
 - Level 19.6 Fighting
 - Level 19.1(20.0) Maces & Flails
   Level 11.1(16.3) Staves
 - Level 19.2 Armour
 + Level 4.6 Dodging


You had 16 spell levels left.
You didn't know any spells.

Dungeon Overview and Level Annotations

Branches:
Dungeon (15/15)            Temple (0/1) D:6            Lair (6/6) D:8
  Swamp (4/4) Lair:3       Spider (0/4) Lair:2        Slime (0/5) Lair:6
    Orc (2/2) D:11            Elf (1/3) Orc:2        Vaults (0/5) D:14
 Depths (0/5) D:15

Altars:
Ashenzari
Dithmenos
Fedhas
Gozag
Hepliaklqana
Makhleb
Okawaru
Qazlal
Sif Muna
Trog
Wu Jian
Xom
Zin
The Shining One
Beogh
Jiyva

Shops:
D:10 [=(:[   Orc:2 *=::

Annotations:
D:8 exclusion: oklob plant
D:15 Sonja
Lair:6 exclusion: oklob plant


Innate Abilities, Weirdness & Mutations

You reflexively headbutt those who attack you in melee.
You have a pair of horns on your head.


Message History

You are poisoned.
The deep elf mage hits you but does no damage. x2
The trident of venom hits you but does no damage.
The water elemental hits you. The earth elemental hits you.
* * * LOW HITPOINT WARNING * * *
The deep elf mage hits you but does no damage.
The deep elf mage completely misses you.
The deep elf mage hits you but does no damage.
You feel much better.
* * * LOW HITPOINT WARNING * * *
Your lungs strain for air!
You feel sick.
The trident of venom hits you from afar!
* * * LOW HITPOINT WARNING * * *
The water elemental hits you.
The trident of venom hits you but does no damage.
You are more poisoned.
The deep elf mage hits you but does no damage.
The deep elf mage closely misses you. The earth elemental hits you!!
You die...

#)....# #.....#
#..⌠..# #.....#
##.....##
#######'########
....#.).(.#..$..
....#*.Ee.#.....
.⌠..'.)E@.'..⌠..
....#*)ee.#.....
....#...).#.....
#######'########
##.....##
#.....# #..⌠..#
#.....#


You could see an earth elemental, a water elemental, 3 deep elf magi, a trident
of venom and 2 battlespheres.

Vanquished Creatures
  Rupert (Lair:3)
  A tentacled monstrosity (Swamp:4)
  Nessos (D:15)
  Snorg (Lair:4)
  The ghost of KristoblXynda the Blocker, a journeyman NaFi of Okawaru (D:11)
  A minotaur (Lab)
  A deep elf death mage (Elf:1)
  2 ogre magi (D:15)
  14 hydras
  3 ice dragons (Swamp:4)
  A catoblepas (D:14)
  2 ghost crabs
  18 two-headed ogres
  10 alligators
  2 tengu warriors
  6 death yaks
  5 centaur warriors
  2 orc high priests
  A deep elf knight (Elf:1)
  3 skeletal warriors (D:13)
  2 unseen horrors
  2 deep elf archers (Elf:1)
  3 swamp dragons
  An orc knight (D:15)
  Pikel (D:8)
  2 wizards (D:14)
  3 shambling mangroves
  14 deep elf magi
  14 ugly things
  2 necromancers (D:14)
  3 cyclopes
  4 manticores
  A wolf spider (D:15)
  5 orc sorcerers
  10 elephants
  6 black mambas
  2 naga magi (D:15)
  2 gargoyles
  A kobold demonologist (D:12)
  17 spiny frogs
  3 efreet
  8 komodo dragons
  4 freezing wraiths (Swamp:4)
  2 rime drakes
  2 tengu conjurers (D:15)
  6 trolls
  Prince Ribbit (D:5)
  7 polar bears (Lair:6)
  4 bog bodies
  7 tyrant leeches
  Grinder (D:3)
  7 dream sheep
  10 hornets
  33 slime creatures
  6 blink frogs
  5 hippogriffs
  3 shadows
  15 spriggans
  2 water elementals
  A vampire (Swamp:1)
  An air elemental (Elf:1)
  62 yaks
  A steam dragon (D:11)
  2 wraiths
  3 wyverns
  2 swamp worm simulacra (Swamp:4)
  7 basilisks
  A hungry ghost (D:11)
  23 vampire mosquitoes
  12 insubstantial wisps
  2 acid dragons
  A soldier ant (D:15)
  29 swamp worms
  10 water moccasins
  14 hydra simulacra (Swamp:4)
  4 porcupines
  7 ice beasts
  32 orc warriors
  Duvessa (D:5)
  6 swamp drakes
  5 sky beasts
  3 slaves (D:8)
  4 black bears
  10 ogres
  2 phantoms
  8 boggarts
  24 wolves
  15 centaurs
  19 crocodiles
  4 big kobolds
  13 bullfrogs
  A wyvern zombie (D:13)
  Dowan (D:5)
  5 scorpions
  A wyvern skeleton (D:13)
  6 killer bees (D:7)
  7 wights
  5 electric eels
  7 crimson imps
  A bullfrog zombie (D:5)
  7 jellies
  A quasit (D:13)
  19 orc priests
  2 centaur zombies
  Crazy Yiuf (D:3)
  4 centaur skeletons
  7 hounds
  26 orc wizards
  A gnoll shaman (Orc:1)
  4 bullfrog skeletons
  4 iguanas
  13 worker ants
  A killer bee zombie (D:5)
  A hound zombie (D:5)
  A hound skeleton (D:5)
  5 worker ant zombies
  5 gnolls
  22 adders
  5 river rats
  2 shadow imps
  2 oozes (Sewer)
  6 swamp drake simulacra (Swamp:4)
  19 worms
  5 dart slugs
  4 leopard geckos
  85 orcs
  11 bats
  5 giant cockroaches
  4 goblins
  14 hobgoblins
  13 jackals
  19 kobolds
  4 quokkas
  3 ball pythons
  2 frilled lizards
  A jackal skeleton (D:4)
  A leopard gecko zombie (D:7)
  18 rats
  A fungus (Lair:5)
1007 creatures vanquished.

Vanquished Creatures (collateral kills)
  A thorn hunter (Swamp:2)
  An ugly thing (D:13)
  2 hornets (Swamp:2)
  A hippogriff (D:14)
  2 spriggans (Swamp:2)
  2 vampire mosquitoes (Swamp:2)
  An ogre (D:14)
  3 electric eels (D:13)
13 creatures vanquished.

Vanquished Creatures (others)
  2 bog bodies (Swamp:4)
  2 swamp worms
  7 insubstantial wisps
  A slave (D:8)
  A bush (Lair:6)
  14 fungi
  12 plants
39 creatures vanquished.

Grand Total: 1059 creatures vanquished

Notes
Turn   | Place    | Note
-------+----------+-------------------------------------------
     0 | D:1      | gmonis the Minotaur Berserker began the quest for the Orb.
     0 | D:1      | Reached XP level 1. HP: 19/19 MP: 0/0
   173 | D:1      | Reached XP level 2. HP: 27/27 MP: 1/1
   465 | D:2      | Reached XP level 3. HP: 20/33 MP: 2/2
   711 | D:1      | Reached ** piety under Trog
   806 | D:1      | Reached skill level 5 in Maces & Flails
  1259 | D:2      | Reached XP level 4. HP: 29/40 MP: 3/3
  1889 | D:3      | Noticed Grinder
  1889 | D:3      | Reached XP level 5. HP: 39/46 MP: 4/4
  1909 | D:3      | Paralysed by Grinder for 4 turns
  1917 | D:3      | Killed Grinder
  1917 | D:3      | Reached XP level 6. HP: 13/52 MP: 5/5
  2353 | D:3      | Found a runed door.
  3326 | D:3      | Noticed Crazy Yiuf
  3329 | D:3      | Killed Crazy Yiuf
  3643 | D:4      | Found a glowing golden altar of the Shining One.
  3673 | D:4      | Reached *** piety under Trog
  3673 | D:4      | Reached XP level 7. HP: 43/59 MP: 3/6
  4102 | D:4      | Found a glowing silver altar of Zin.
  4175 | D:4      | Found a hazy altar of Hepliaklqana.
  4189 | D:4      | Found a burning altar of Makhleb.
  4192 | D:4      | Found an ornate altar of the Wu Jian Council.
  4436 | D:5      | Entered Level 5 of the Dungeon
  4446 | D:5      | Reached skill level 10 in Maces & Flails
  4608 | D:5      | Noticed Prince Ribbit
  4628 | D:5      | Killed Prince Ribbit
  4628 | D:5      | Reached XP level 8. HP: 28/66 MP: 5/7
  5261 | D:5      | Noticed Duvessa
  5263 | D:5      | Noticed Dowan
  5268 | D:5      | Killed Duvessa
  5280 | D:5      | Killed Dowan
  5355 | D:5      | Noticed a moth of wrath
  5358 | D:5      | Found a bloodstained altar of Trog.
  5820 | D:6      | Found a staircase to the Ecumenical Temple.
  5948 | D:6      | Found a glowing drain.
  5980 | D:6      | Reached **** piety under Trog
  6002 | Sewer    | Entered a sewer
  6717 | D:6      | Reached XP level 9. HP: 69/71 MP: 8/8
  7132 | D:6      | Found a deep blue altar of Sif Muna.
  7575 | D:7      | Reached ***** piety under Trog
  7594 | D:7      | Reached skill level 5 in Fighting
  7956 | D:7      | Reached skill level 5 in Armour
  8273 | D:7      | Found a glowing golden altar of the Shining One.
  8608 | D:7      | Found a stormy altar of Qazlal.
  8608 | D:7      | Found an iron altar of Okawaru.
  8609 | D:7      | Found a shadowy altar of Dithmenos.
  8709 | D:8      | Found a shadowy altar of Dithmenos.
  8889 | D:8      | Found a shimmering altar of Xom.
  8889 | D:8      | Noticed an oklob plant
  9054 | D:8      | Noticed Pikel
  9090 | D:8      | Killed Pikel
  9142 | D:8      | Noticed a two-headed ogre
  9148 | D:8      | Killed a two-headed ogre
  9148 | D:8      | Reached XP level 10. HP: 88/88 MP: 7/9
  9185 | D:8      | Found a staircase to the Lair.
  9199 | D:8      | You fall through a shaft!
  9217 | D:9      | Noticed a white ugly thing
  9232 | D:9      | Killed a white ugly thing
  9708 | D:8      | Found a blossoming altar of Fedhas.
 10469 | D:9      | Reached skill level 10 in Armour
 10731 | D:9      | Found a stormy altar of Qazlal.
 10937 | D:10     | Entered Level 10 of the Dungeon
 11022 | D:10     | Noticed an unseen horror
 11032 | D:10     | Killed an unseen horror
 11032 | D:10     | Reached skill level 10 in Fighting
 11147 | D:10     | Found Nausm's Antique Armour Shop.
 11182 | D:10     | Found Ewosobon's Jewellery Boutique.
 11508 | D:10     | Found Pihaed's Book Shop.
 11539 | D:10     | Reached XP level 11. HP: 96/100 MP: 8/10
 11708 | D:10     | Found Ywo Esag's Antique Armour Shop.
 11711 | D:10     | Bought a pair of glowing boots for 270 gold pieces
 11927 | D:10     | Found Gailed's Antique Weapon Emporium.
 12116 | D:11     | Noticed a purple ugly thing
 12139 | D:11     | Killed a purple ugly thing
 12743 | D:11     | Reached ****** piety under Trog
 12751 | D:11     | Noticed KristoblXynda's ghost (journeyman NaFi)
 12784 | D:11     | Killed KristoblXynda's ghost
 12914 | D:11     | Found a roughly hewn altar of Beogh.
 12941 | D:11     | Received a gift from Trog
 13151 | D:11     | Found a staircase to the Orcish Mines.
 13231 | D:11     | Reached skill level 1 in Staves
 13421 | D:11     | Noticed a two-headed ogre
 13430 | D:11     | Killed a two-headed ogre
 13430 | D:11     | Reached skill level 5 in Staves
 13655 | D:11     | Found a shattered altar of Ashenzari.
 13877 | D:12     | Reached XP level 12. HP: 93/112 MP: 8/11
 14505 | D:12     | You fall through a shaft for 3 floors!
 14505 | D:15     | Entered Level 15 of the Dungeon
 14505 | D:15     | Noticed a tengu warrior
 14531 | D:15     | Killed a tengu warrior
 14544 | D:15     | Noticed a centaur warrior
 14554 | D:15     | Killed a centaur warrior
 14562 | D:15     | Reached skill level 10 in Staves
 14853 | D:15     | Noticed a two-headed ogre
 14859 | D:15     | Killed a two-headed ogre
 14870 | D:15     | Noticed a two-headed ogre
 14873 | D:15     | Noticed a two-headed ogre
 14875 | D:15     | Noticed an ogre mage
 14875 | D:15     | Killed a two-headed ogre
 14880 | D:15     | Noticed a two-headed ogre
 14888 | D:15     | Killed an ogre mage
 14888 | D:15     | Received a gift from Trog
 14890 | D:15     | Noticed a two-headed ogre
 14892 | D:15     | Killed a two-headed ogre
 14893 | D:15     | Killed a two-headed ogre
 14897 | D:15     | Killed a two-headed ogre
 15252 | D:14     | Noticed a two-headed ogre
 15252 | D:14     | Noticed a two-headed ogre
 15261 | D:14     | Killed a two-headed ogre
 15265 | D:14     | Killed a two-headed ogre
 15432 | D:14     | Reached XP level 13. HP: 122/122 MP: 12/12
 16673 | D:12     | Reached skill level 15 in Armour
 17603 | D:13     | Reached skill level 15 in Fighting
 18215 | D:13     | Found the amulet of Vitality {Regen+ HP+15}
 18913 | Lair:1   | Entered Level 1 of the Lair of Beasts
 18974 | Lair:1   | Received a gift from Trog
 19142 | Lair:1   | Found a labyrinth entrance.
 19151 | Lab      | Entered a labyrinth
 19697 | Lab      | Noticed a minotaur
 19704 | Lab      | Killed a minotaur
 19704 | Lab      | Reached XP level 14. HP: 136/136 MP: 13/13
 19708 | Lab      | Identified the Papyrus of Attacks
 19709 | Lab      | Found the +7 great mace "Undeadhunter" {disrupt, rN+}
 20830 | Lair:2   | Found a hole to the Spider Nest.
 21179 | Lair:2   | Received a gift from Trog
 21203 | Lair:2   | Reached skill level 15 in Maces & Flails
 21355 | Lair:2   | Got a blackened dire flail {god gift}
 21357 | Lair:2   | Identified the +6 dire flail "Zuip" {crush, *Rage rElec Str+6} (Trog gifted it to you on level 2 of the Lair of Beasts)
 21990 | Lair:3   | Found a staircase to the Swamp.
 22487 | Lair:3   | Noticed Rupert
 22498 | Lair:3   | Killed Rupert
 22896 | Lair:4   | Noticed Snorg
 22909 | Lair:4   | Killed Snorg
 23776 | Lair:5   | Found a hazy altar of Hepliaklqana.
 24205 | Lair:6   | Entered Level 6 of the Lair of Beasts
 24598 | Lair:6   | Received a gift from Trog
 24722 | Lair:6   | Reached XP level 15. HP: 147/147 MP: 7/14
 25364 | Lair:6   | Found a staircase to the Slime Pits.
 25365 | Lair:6   | Found a viscous altar of Jiyva.
 25965 | D:10     | Bought an uncursed ring of poison resistance for 260 gold pieces
 26001 | Orc:1    | Entered Level 1 of the Orcish Mines
 26230 | Orc:1    | Found a roughly hewn altar of Beogh.
 26322 | Orc:2    | Entered Level 2 of the Orcish Mines
 27169 | Orc:1    | Received a gift from Trog
 27391 | Orc:2    | Found a staircase to the Elven Halls.
 27464 | Orc:2    | Paralysed by an orc sorcerer for 3 turns
 27583 | Orc:2    | Found Dagausef's Book Shop.
 27583 | Orc:2    | Found Antiniel's Assorted Antiques.
 27583 | Orc:2    | Found Qocuudum's Jewellery Boutique.
 27588 | Orc:2    | Found Bekeulask's Book Shop.
 28101 | D:14     | Found a gate to the Vaults.
 28149 | D:14     | Received a gift from Trog
 28435 | D:14     | Identified the Almanac of Sand
 28444 | D:14     | Identified Imminogh's Volume of Axaxaxas mlö
 29096 | D:15     | Noticed Nessos
 29105 | D:15     | Killed Nessos
 29151 | D:15     | Found an opulent altar of Gozag.
 29613 | D:15     | Noticed Sonja
 29810 | D:15     | Received a gift from Trog
 30030 | D:15     | Found a staircase to the Depths.
 30032 | D:15     | Reached XP level 16. HP: 138/159 MP: 15/15
 30831 | Swamp:1  | Entered Level 1 of the Swamp
 31673 | Swamp:2  | Noticed a thorn hunter
 31688 | Swamp:2  | Killed a thorn hunter
 33830 | Swamp:3  | Received a gift from Trog
 34175 | Swamp:4  | Entered Level 4 of the Swamp
 34367 | Swamp:4  | Noticed a tentacled monstrosity
 34384 | Swamp:4  | Killed a tentacled monstrosity
 35813 | Swamp:4  | Got a decaying rune of Zot
 36188 | Elf:1    | Entered Level 1 of the Elven Halls
 36201 | Elf:1    | Received a gift from Trog
 36207 | Elf:1    | Reached XP level 17. HP: 169/169 MP: 16/16
 36227 | Elf:1    | HP: 5/184 [poisoned by a trident of venom]
 36227 | Elf:1    | HP: 2/184 [trident of venom (3)]
 36233 | Elf:1    | Slain by an earth elemental

Vault maps used:
D:1:      co_arrival_random_square_maze
D:2:      minmay_kobold_bridge
D:3:      uniq_grinder, uniq_crazy_yiuf_cottage
D:4:      grunt_temple_overflow_cloverleaf, nicolae_overflow_crystal_walls,
          minmay_quantized
D:5:      first_ration, tgw_trog, uniq_duvessa, uniq_prince_ribbit1
D:6:      lemuel_coloured_pillars_altar, minmay_temple_entry_statues,
          serial_curves, eino_curves_01, eino_curves_04, portal_sewer_entry_a,
          hangedman_decor_clover_reticule
D:7:      gammafunk_temple_overflow_claw, basic_altar
D:8:      fedhas_altar_2, lair_entry_dummy, basic_altar, grunt_ogre_cave,
          lemuel_oklob_altar, uniq_pikel
D:9:      basic_altar
D:10:     serial_shops, shop, kennysheep_mini_moat, shop, shop_statue,
          shop_statue
D:11:     david_orc_5, basic_altar, kennysheep_generic_room_3
D:12:     st_stairs_1
D:13:     serial_bayou, serial_bayou_pond_e, serial_bayou_pond_b,
          serial_bayou_lake_a, serial_bayou_pond_d
D:14:     david_vaults_1, grunt_decor_one_mirror, bh_hangedman_babel_library
D:15:     grunt_enter_depths_magical_seal, basic_altar, nicolae_benzene_ring,
          uniq_sonja, uniq_nessos
Lair:1:   lab_entry_generic, beast_lair_carwin_4, lemuel_fruit_tree
Lair:2:   dummy_spider_entry, worms_lemuel, serial_bayou_shore_b,
          grunt_megastairs_3
Lair:3:   nicolae_swamp_entry_splash_gauntlet, minmay_holes, uniq_rupert
Lair:4:   grunt_megastairs_4, uniq_snorg
Lair:5:   basic_altar, lemuel_fruit_fields
Lair:6:   minmay_lair_end_enchanted_forest, slime_altar_1,
          minmay_lair_oklob_chamber
Swamp:1:  evilmike_swamp_ruin_house_1, swamp_pool1, cheibrodos_swamp_pet_leeches
Swamp:2:  serial_swamp_ruin, evilmike_swamp_ruin_rubble_1,
          evilmike_swamp_ruin_house_5, infiniplex_staircase_pool
Swamp:3:  evilmike_swamp_ruin_house_6
Swamp:4:  swamp_icy
Orc:1:    lemuel_statue_altar
Orc:2:    st_orc_mages
Elf:1:    minmay_elf_arrival_plus, basic_altar, serial_shops,
          nicolae_shop_temple_entry_statues_fountains, minmay_elf_demonology,
          uniq_donald
Lab:      nicolae_lab_arrow, labyrinth_skeletal_remains
Sewer:    sewer_co_15_rooms

Skill      XL: |  1  2  3  4  5  6  7  8  9 10 11 12 13 14 15 16 17 |
---------------+----------------------------------------------------+-----
Maces & Flails | 4 5 6 8 9 11 13 14 16 17 19 | 19.1
Fighting       | 4 7 10 12 13 15 17 18 19 | 19.6
Armour         | 8 10 12 13 15 16 18 19 | 19.2
Staves         | 6 11 | 11.1
Dodging        | 3 4 |  4.6

Action                   |  1- 3 |  4- 6 |  7- 9 | 10-12 | 13-15 | 16-18 || total
-------------------------+-------+-------+-------+-------+-------+-------++-------
Melee: Mace              |    71 |    90 |   265 |    90 |       |       ||   516
       Headbutt          |    11 |    18 |    67 |   173 |   336 |   132 ||   737
       Flail             |       |       |   180 |   367 |   659 |       ||  1206
       Lajatang          |       |       |       |   204 |       |       ||   204
       Dire flail        |       |       |       |       |   749 |   485 ||  1234
 Fire: Hunting sling     |     2 |       |     1 |     5 |       |       ||     8
Throw: Stone             |       |       |       |     6 |       |       ||     6
Invok: Berserk           |     2 |     2 |     8 |     3 |    14 |     3 ||    32
       Trog's Hand       |       |       |     1 |       |     4 |     4 ||     9
       Burn Spellbooks   |       |       |       |     1 |     8 |       ||     9
       Brothers in Arms  |       |       |       |       |     2 |     1 ||     3
Evoke: Lamp of fire      |       |       |       |     1 |       |       ||     1
  Use: Scroll            |     2 |     3 |       |    11 |    12 |    10 ||    38
       Potion            |       |       |       |       |     1 |     6 ||     7
 Stab: Confused          |       |       |       |       |     1 |       ||     1
  Eat: Chunk             |     3 |     6 |    17 |    21 |    35 |    15 ||    97
       Ration            |       |     1 |     2 |     1 |     8 |     3 ||    15
Armor: Leather armour    |    17 |     9 |       |       |       |       ||    26
       Scale mail        |       |    19 |   141 |    66 |       |       ||   226
       Plate armour      |       |       |       |   228 |   889 |   463 ||  1580
       Ice dragon scales |       |       |       |       |       |    13 ||    13
Dodge: Dodged            |    64 |    56 |   230 |   187 |   522 |   218 ||  1277

Table legend:
 A = Spawn XP
 B = Non-spawn XP
 C = Spawn XP percentage of total XP
 D = Spawn monster count
 E = Non-spawn monster count
 F = Spawn count percentage of total count
 G = Total turns spent on level
                    A         B        C        D         E        F      G
               +---------+---------+-------+---------+---------+-------+---------
         Total |       0 |  220133 |   0.0 |       0 |    1016 |   0.0 | 36233
               +---------+---------+-------+---------+---------+-------+---------
           D:1 |       0 |      57 |   0.0 |       0 |      28 |   0.0 |   849
           D:2 |       0 |      95 |   0.0 |       0 |      32 |   0.0 |   974
           D:3 |       0 |     403 |   0.0 |       0 |      19 |   0.0 |  1672
           D:4 |       0 |     370 |   0.0 |       0 |      12 |   0.0 |   941
           D:5 |       0 |    1148 |   0.0 |       0 |      25 |   0.0 |  1377
           D:6 |       0 |     891 |   0.0 |       0 |      22 |   0.0 |  1032
           D:7 |       0 |    1285 |   0.0 |       0 |      38 |   0.0 |  1314
           D:8 |       0 |    2663 |   0.0 |       0 |      21 |   0.0 |  1101
           D:9 |       0 |    2042 |   0.0 |       0 |      19 |   0.0 |  1364
          D:10 |       0 |    2560 |   0.0 |       0 |      17 |   0.0 |  1158
          D:11 |       0 |    9589 |   0.0 |       0 |      78 |   0.0 |  1880
          D:12 |       0 |    8358 |   0.0 |       0 |      37 |   0.0 |  1684
          D:13 |       0 |   14172 |   0.0 |       0 |      54 |   0.0 |  2429
          D:14 |       0 |   16597 |   0.0 |       0 |      37 |   0.0 |  1388
          D:15 |       0 |   30091 |   0.0 |       0 |      65 |   0.0 |  2272
        Lair:1 |       0 |    5982 |   0.0 |       0 |      29 |   0.0 |   950
        Lair:2 |       0 |    8191 |   0.0 |       0 |      47 |   0.0 |  1301
        Lair:3 |       0 |    6190 |   0.0 |       0 |      18 |   0.0 |  1084
        Lair:4 |       0 |    4688 |   0.0 |       0 |      15 |   0.0 |   815
        Lair:5 |       0 |    6408 |   0.0 |       0 |      19 |   0.0 |   970
        Lair:6 |       0 |   23935 |   0.0 |       0 |      83 |   0.0 |  1347
       Swamp:1 |       0 |    6811 |   0.0 |       0 |      19 |   0.0 |   883
       Swamp:2 |       0 |   13974 |   0.0 |       0 |      36 |   0.0 |  1060
       Swamp:3 |       0 |   11839 |   0.0 |       0 |      44 |   0.0 |  1513
       Swamp:4 |       0 |   22675 |   0.0 |       0 |      56 |   0.0 |  1705
         Orc:1 |       0 |    3538 |   0.0 |       0 |      35 |   0.0 |   819
         Orc:2 |       0 |    6958 |   0.0 |       0 |      70 |   0.0 |  1180
         Elf:1 |       0 |    6591 |   0.0 |       0 |      13 |   0.0 |    45
           Lab |       0 |    1699 |   0.0 |       0 |       4 |   0.0 |   576
         Sewer |       0 |     333 |   0.0 |       0 |      24 |   0.0 |   550
               +---------+---------+-------+---------+---------+-------+---------
